 Dungeon Crawl Stone Soup version 0.17-a0-776-gd86b262 (webtiles) character file.

147 inmateoo the Sneak (level 5, 0/26 HPs)
             Began as a Vine Stalker Summoner on Apr 24, 2015.
             Was an Initiate of Vehumet.
             Slain by a hippogriff (2 damage)
             ... on level 4 of the Dungeon.
             The game lasted 00:04:51 (2109 turns).

inmateoo the Sneak (Vine Stalker Summoner)          Turns: 2109, Time: 00:04:51

Health: 0/26       AC:  3    Str: 13    XL:     5   Next: 29%
Magic:  0/9        EV: 11    Int: 16    God:    Vehumet [......]
Gold:   144        SH:  0    Dex: 14    Spells: 1 memorised, 7 levels left

rFire  . . .     SeeInvis .     v - +1 mace
rCold  . . .     Clarity  .     a - +0 robe
rNeg   . . .     SustAb   .     (no shield)
rPois  .         Gourm    .     (no helmet)
rElec  .         Spirit   +     (no cloak)
rCorr  .         Warding  .     (no gloves)
rMut   .         Stasis   .     (no boots)
MR     .....                    (no amulet)
Stlth  ++........               (no ring)
                                l - +2 ring of strength

@: lethally poisoned (0 -> -1), drained, not resistant to hostile enchantments,
unstealthy
A: fangs 2, regeneration 1, shaggy fur 1, magic shield, antimagic bite, no
device heal 3, rot immunity
a: Renounce Religion


You were on level 4 of the Dungeon.
You worshipped Vehumet.
Vehumet was noncommittal.
You were not hungry.

You visited 1 branch of the dungeon, and saw 4 of its levels.

You collected 144 gold pieces.

Inventory:

Hand weapons
 v - a +1 mace (weapon)
 y - a +0 blowgun
Missiles
 i - 14 poisoned needles
 t - 7 javelins (quivered)
 w - 6 exploding tomahawks
Armour
 a - a +0 robe (worn)
Jewellery
 l - a +2 ring of strength (left hand)
 q - an uncursed ring of ice
Magical devices
 p - a wand of random effects (42)
Scrolls
 d - a scroll of random uselessness {unknown}
 j - a scroll of enchant weapon
 m - a scroll of enchant armour {unknown}
 n - a scroll of amnesia {unknown}
 r - a scroll of immolation {unknown}
 s - a scroll of fog {unknown}
 u - a scroll of blinking {unknown}
 B - a scroll of identify {unknown}
Potions
 e - a potion of mutation {unknown}
 g - a potion of agility {unknown}
 h - 2 potions of heal wounds {unknown}
 k - a potion of degeneration {unknown}
 o - a potion of haste
 x - a potion of restore abilities {unknown}
 z - a potion of invisibility {unknown}
Books
 b - a book of Callings

   Spells                             Type                      Level
   a - Summon Small Mammal            Summoning                    1
   b - Call Imp                       Summoning                    2
   c - Call Canine Familiar           Summoning                    3
   d - Summon Guardian Golem          Hexes/Summoning              3
   e - Summon Lightning Spire         Summoning/Air                4
   f - Summon Ice Beast               Ice/Summoning                4
Comestibles
 c - 7 bread rations
 A - 2 meat rations


   Skills:
 + Level 2.1(1.1) Fighting
   Level 1.5(0.5) Short Blades
 * Level 1.9(0.9) Maces & Flails
 - Level 1.5(0.5) Dodging
 + Level 4.1(3.0) Stealth
 - Level 2.1(1.1) Spellcasting
 - Level 4.0(2.9) Summonings


You had 7 spell levels left.
You knew the following spells:

 Your Spells              Type           Power        Failure   Level  Hunger
a - Summon Small Mammal   Summ           ##..         10%         1    ##.....


Dungeon Overview and Level Annotations

Branches:
Dungeon (4/15)
 Temple: D:4-7

Altars:
Dithmenos
Fedhas
Gozag
Nemelex Xobeh
Vehumet

Annotations:
D:3 Borgoz's ghost, average GrFi
D:4 Edmund


Innate Abilities, Weirdness & Mutations

You have extremely sharp teeth.
Your natural rate of healing is unusually fast.
You are covered in fur (AC +1).
When hurt, damage is shared between your health and your magic reserves.
Your bite disrupts and absorbs the magic of your enemies.
Potions and wands cannot restore your health.
You are immune to rotting.


Message History

You feel sick.
Unknown command.
Read which item? (? for menu, Esc to quit)
As you read the scroll labeled FUONAU BOTAL, it crumbles to dust.
It is a scroll of recharging.
Charge which item? (? for menu, Esc to quit)
Your wand of random effects {zapped: 18} glows for a moment.
The hippogriff bites you.
* * * LOW HITPOINT WARNING * * *
The hippogriff pecks you. The hippogriff closely misses you.
Unknown command.
Evoke which item? (* to show all) (? for menu, Esc to quit)
Zapping:
p - a wand of random effects {recharged} (will waste charges)
Press: ? - help, Shift-Dir - straight line, f - kobold, p - hippogriff
Aim: a kobold, wielding a blowgun The hippogriff seems to speed up.
Evoking this partially-identified wand wasted a few charges.
The hippogriff closely misses you. x2
The hippogriff claws you.
You die...

..........# .#
.......>...# .#
...........# .#
...⌠.?.⌠##### .#
#........... .#
#.######### .#
#..K......# .# .
###H#####.# .# .... #@#
#.# .# @...# #.# #.# .#
..... ..# #.# .#
...################.# .#
....................#
.##..#######..##########
..............#
....8...8..)8.#
......#...#...#


You could see a hippogriff and a kobold.

Vanquished Creatures
  Natasha (twice) (D:3 D:2)
  2 gnolls (D:3)
  2 adders
  An ooze (D:1)
  5 worms
  2 giant geckos
  5 orcs (D:3)
  8 hobgoblins
  2 quokkas
  6 bats
  3 giant newts (D:1)
  5 goblins
  6 kobolds
  8 rats
57 creatures vanquished.

Notes
Turn   | Place    | Note
--------------------------------------------------------------
     0 | D:1      | inmateoo, the Vine Stalker Summoner, began the quest for the Orb.
     0 | D:1      | Reached XP level 1. HP: 9/9 MP: 4/4
   238 | D:1      | Reached XP level 2. HP: 14/14 MP: 6/6
   532 | D:2      | Reached skill level 1 in Fighting
   550 | D:2      | Found a shadowy altar of Dithmenos.
   688 | D:2      | Reached skill level 1 in Short Blades
   705 | D:2      | Reached XP level 3. HP: 12/18 MP: 4/7
  1318 | D:3      | Reached XP level 4. HP: 19/22 MP: 6/8
  1485 | D:3      | Found a radiant altar of Vehumet.
  1485 | D:3      | Found an opulent altar of Gozag.
  1485 | D:3      | Found a sparkling altar of Nemelex Xobeh.
  1493 | D:3      | Became a worshipper of Vehumet
  1572 | D:3      | Found a blossoming altar of Fedhas.
  1669 | D:3      | Noticed Natasha
  1678 | D:3      | Reached skill level 1 in Maces & Flails
  1681 | D:3      | Killed Natasha
  1694 | D:3      | Noticed Borgoz's ghost (average GrFi)
  1732 | D:3      | Noticed Natasha
  1745 | D:2      | Killed Natasha
  1745 | D:2      | Reached XP level 5. HP: 10/26 MP: 4/9
  2052 | D:4      | Noticed Edmund
  2097 | D:4      | Noticed a hippogriff
  2108 | D:4      | HP: 1/26 [hippogriff (2)]
  2109 | D:4      | Slain by a hippogriff

Action                   |  1- 3 |  4- 6 || total
-------------------------+-------+-------++-------
Melee: Dagger            |   166 |       ||   166
       Unarmed           |     5 |       ||     5
       Mace              |     5 |    54 ||    59
 Fire: Blowgun           |       |     1 ||     1
Evoke: Wand              |     2 |     6 ||     8
  Use: Scroll            |       |     2 ||     2
 Stab: Sleeping          |     5 |     3 ||     8
  Eat: Chunk             |     1 |     3 ||     4
